Kings vs Ducks

Created - 5 février 2019 at 23:29

Goals
1 2 3 T
Kings 0 1 1 2
Ducks 0 0 1 1
Shots
1 2 3 T
Kings 5 11 12 28
Ducks 8 4 5 17

1st period

No Goal

Penalties :
Josh Manson (ANA) for Slashing (Minor) at 6:20, Klas Dahlbeck (LOS) for Boarding (Minor) at 14:10

2nd period

1. Kings , John Moore 9 (Nick Bjugstad 8, Stephen Johns 14) at 1:49

Penalties :
Matt Hunwick (LOS) for Roughing (Minor) at 11:12

3rd period

2. Ducks , Kris Letang 3 (Claude Giroux 32, Wayne Simmonds 20) at 2:29 (PP)
3. Kings , Matt Hunwick 3 (Tomas Tatar 4, Austin Watson 6) at 19:15

Penalties :
Dan Hamhuis (LOS) for High sticking (Minor) at 0:30, Troy Brouwer (ANA) for Hooking (Minor) at 7:27, David Backes (ANA) for Slashing (Minor) at 12:22

Goalie Stats

Henrik Lundqvist (LOS), 16 saves from 17 shots - (0.941), W, 19-11-2, 60:00 minutes
Pekka Rinne (ANA), 26 saves from 28 shots - (0.929), L, 31-14-5, 60:00 minutes

Players Stats for Kings

Player Name              G  A  P  +/- PIM S  H  SB GA TA FO     MP     PP MP  PK MP  
------------------------------------------------------------------------------------
Anthony Cirelli          0  0  0   0  0   0  0  0  0  0  0/0     0:34   0:34   0:00 
Austin Watson            0  1  1   1  0   0  0  0  0  0  4/14   14:25   0:00   0:38 
Dan Hamhuis              0  0  0   0  2   0  1  1  0  0  0/0    24:37   2:10   1:58 
Daniel Sedin             0  0  0   1  0   1  0  0  0  0  1/1    17:31   3:48   0:00 
Erik Johnson             0  0  0   0  0   1  1  1  0  0  0/0    25:46   2:10   3:06 
Jesper Fast              0  0  0   1  0   1  1  0  0  0  1/2    14:45   0:00   0:58 
Joe Pavelski             0  0  0   0  0   5  1  0  0  0  0/0    25:32   2:09   2:47 
John Moore               1  0  1   1  0   2  0  2  0  0  0/0    21:11   3:47   2:59 
Jonathan Toews           0  0  0   0  0   6  2  1  0  0  12/25  25:28   2:09   2:43 
Klas Dahlbeck            0  0  0   1  2   0  5  0  0  0  0/0    14:10   0:00   1:00 
Mark Jankowski           0  0  0   0  0   0  0  0  0  0  4/8     5:07   0:00   0:00 
Matt Hunwick             1  0  1   1  2   3  1  0  0  0  0/0    13:10   0:00   0:00 
Nick Bjugstad            0  1  1   1  0   3  1  1  0  0  1/1    17:31   3:48   0:00 
Oskar Sundqvist          0  0  0   0  0   0  0  0  0  0  0/0     0:00   0:00   0:00 
Patrik Berglund          0  0  0   0  0   1  2  0  0  0  1/1    19:28   1:35   2:24 
Stephen Johns            0  1  1   1  0   1  1  1  0  0  0/0    21:03   3:47   2:51 
Tomas Tatar              0  1  1   1  0   2  0  1  0  0  0/0    13:47   0:00   0:00 
Victor Rask              0  0  0   1  0   2  2  0  0  0  11/24  19:55   3:48   2:24 

Players Stats for Ducks

Player Name              G  A  P  +/- PIM S  H  SB GA TA FO     MP     PP MP  PK MP  
------------------------------------------------------------------------------------
Andrew Shaw              0  0  0  -1  0   1  1  0  0  0  0/1    12:32   0:00   0:00 
Brandon Dubinsky         0  0  0   0  0   0  0  0  0  0  3/3    11:54   0:00   0:09 
Claude Giroux            0  1  1  -1  0   1  1  0  0  0  1/1    18:21   2:57   3:38 
Colton Parayko           0  0  0   0  0   0  0  1  0  0  0/0    22:08   2:30   3:36 
David Backes             0  0  0   0  2   1  1  1  0  0  0/0    12:02   0:00   0:00 
Derek Forbort            0  0  0   0  0   1  0  0  0  0  0/0    22:54   3:27   2:48 
Gabriel Landeskog        0  0  0   0  0   1  0  1  0  0  1/1    16:04   3:00   1:01 
Josh Manson              0  0  0   0  2   0  1  0  0  0  0/0    20:12   2:30   2:25 
Kris Letang              1  0  1   0  0   2  1  3  0  0  0/0    22:55   3:27   2:05 
Luke Schenn              0  0  0  -2  0   0  0  0  0  0  0/0    15:41   0:00   0:16 
Mark Scheifele           0  0  0  -1  0   1  2  1  0  0  11/23  14:43   2:57   0:00 
Milan Lucic              0  0  0  -1  0   0  0  0  0  0  0/0    12:36   0:04   0:00 
Roman Polak              0  0  0  -2  0   0  1  4  0  0  0/0    16:09   0:00   0:44 
Torrey Mitchell          0  0  0   0  0   3  1  1  0  0  12/16  15:11   0:00   3:26 
Troy Brouwer             0  0  0   0  2   0  2  1  0  0  0/0    13:14   0:00   1:30 
Tyler Johnson            0  0  0  -1  0   1  0  0  0  0  4/15   17:42   3:00   2:10 
Wayne Simmonds           0  1  1  -1  0   2  2  1  0  0  1/1    14:43   2:57   0:00 
William Nylander         0  0  0   0  0   3  0  0  0  0  8/15   14:59   2:56   0:00 

3 Stars

1 - John Moore (LOS)
2 - Kris Letang (ANA)
3 - Matt Hunwick (LOS)

Power Play

Kings - 0 on 3 Attempt(s) - 0.00%
Ducks - 1 on 3 Attempt(s) - 33.33%

Penalty Kill

Kings - 2 on 3 Attempt(s) - 66.67% - Score 0 goal in Penalty Kill
Ducks - 3 on 3 Attempt(s) - 100.00% - Score 0 goal in Penalty Kill

Team Stat

Kings - Hits : 18 - Faceoff Wins : 35 - Blocked Shots : 8 - Penalty Minutes : 6
Ducks - Hits : 13 - Faceoff Wins : 41 - Blocked Shots : 14 - Penalty Minutes : 6

Official

Referees : Dean Morton and Greg Kimmerly
Linesman : Jay Sharrers and Scott Cherrey

Game Notes

No Game Note

Finance

Level 1 -- Attendance: 5996 (92.25%) -- Ticket Income 659 560 $
Level 2 -- Attendance: 5000 (100.00%) -- Ticket Income 375 000 $
Level 3 -- Attendance: 2600 (100.00%) -- Ticket Income 145 600 $
Level 4 -- Attendance: 2074 (100.00%) -- Ticket Income 82 960 $
Luxury Box -- Attendance: 970 (97.00%) -- Ticket Income 193 030 $
Game was played at the Honda Center.
Total Attendance: 16640 (96.89%)
Total Ticket Income: 1 456 150 $
Other Income: 713 514 $
Total Income: 2 169 664 $

% Time on Ice - Kings

Lines # - Real PCT - Wanted PCT - Time Play
Normal Forward
1 - 31% - 40% - 14:45
2 - 29% - 30% - 13:43
3 - 29% - 20% - 13:47
4 - 11% - 10% - 5:07
Normal Defense
1 - 38% - 40% - 18:04
2 - 30% - 30% - 14:25
3 - 28% - 20% - 13:11
4 - 4% - 10% - 1:42
PP Forward
1 - 36% - 60% - 2:09
2 - 64% - 40% - 3:48
PP Defense
1 - 36% - 60% - 2:10
2 - 64% - 40% - 3:47
PK Forward
1 - 60% - 60% - 3:33
2 - 40% - 40% - 2:24
PK Defense
1 - 52% - 60% - 3:06
2 - 48% - 40% - 2:51
PK3 Forward
1 - 0% - 60%
2 - 0% - 40%
PK3 Defense
1 - 0% - 60%
2 - 0% - 40%
44 Forward
1 - 0% - 60%
2 - 0% - 40%
44 Defense
1 - 0% - 60%
2 - 0% - 40%
Last Minute Offensive  - 0:00
Last Minute Defensive  - 0:44
Total
Forward - 60:00
Defense - 60:00

% Time on Ice - Ducks

Lines # - Real PCT - Wanted PCT - Time Play
Normal Forward
1 - 23% - 25% - 11:02
2 - 25% - 25% - 12:03
3 - 26% - 25% - 12:32
4 - 25% - 25% - 11:45
Normal Defense
1 - 35% - 35% - 16:39
2 - 32% - 35% - 15:18
3 - 33% - 30% - 15:25
4 - 0% - 0% - 0:00
PP Forward
1 - 50% - 55% - 2:57
2 - 50% - 45% - 3:00
PP Defense
1 - 42% - 55% - 2:30
2 - 58% - 45% - 3:27
PK Forward
1 - 61% - 55% - 3:38
2 - 39% - 45% - 2:19
PK Defense
1 - 65% - 55% - 3:52
2 - 35% - 45% - 2:05
PK3 Forward
1 - 0% - 55%
2 - 0% - 45%
PK3 Defense
1 - 0% - 55%
2 - 0% - 45%
44 Forward
1 - 0% - 55%
2 - 0% - 45%
44 Defense
1 - 0% - 55%
2 - 0% - 45%
Last Minute Offensive  - 0:44
Last Minute Defensive  - 0:00
Total
Forward - 60:00
Defense - 60:00

Play-by-Play

1st period


0:01 of 1st period - Claude Giroux wins face-off versus Jonathan Toews in neutral zone.
1:07 of 1st period - Shot by William Nylander.
1:07 of 1st period - Stopped by Henrik Lundqvist without a rebound.
1:08 of 1st period - Victor Rask wins face-off versus Tyler Johnson in Kings zone.
1:23 of 1st period - Shot by Nick Bjugstad.
1:23 of 1st period - Stopped by Pekka Rinne with a rebound.
1:35 of 1st period - Shot by Victor Rask.
1:35 of 1st period - Shot Misses the Net.
2:07 of 1st period - Shot by Tomas Tatar.
2:07 of 1st period - Shot Misses the Net.
3:21 of 1st period - Shot by Gabriel Landeskog.
3:21 of 1st period - Shot Misses the Net.
3:24 of 1st period - Icing by Dan Hamhuis.
3:25 of 1st period - Mark Scheifele wins face-off versus Mark Jankowski in Kings zone.
3:48 of 1st period - Shot by Claude Giroux.
3:48 of 1st period - Shot Misses the Net.
3:50 of 1st period - Shot by Derek Forbort.
3:50 of 1st period - Shot Misses the Net.
3:54 of 1st period - Shot by Wayne Simmonds.
3:54 of 1st period - Stopped by Henrik Lundqvist without a rebound.
3:55 of 1st period - William Nylander wins face-off versus Victor Rask in Kings zone.
4:22 of 1st period - Shot by Victor Rask.
4:22 of 1st period - Shot Misses the Net.
4:50 of 1st period - Shot by Patrik Berglund.
4:50 of 1st period - Stopped by Pekka Rinne without a rebound.
4:51 of 1st period - Jonathan Toews wins face-off versus Torrey Mitchell in Ducks zone.
4:58 of 1st period - Shot by Patrik Berglund.
4:58 of 1st period - Shot Blocked by Troy Brouwer.
5:54 of 1st period - Shot by Andrew Shaw.
5:54 of 1st period - Shot Misses the Net.
5:56 of 1st period - Shot by Tyler Johnson.
5:56 of 1st period - Shot Blocked by Erik Johnson.
6:08 of 1st period - Shot by Andrew Shaw.
6:08 of 1st period - Stopped by Henrik Lundqvist without a rebound.
6:09 of 1st period - Victor Rask wins face-off versus Mark Scheifele in Kings zone.
6:09 of 1st period - Victor Rask is hit by Wayne Simmonds.
6:20 of 1st period - Minor Penalty to Josh Manson for Slashing.
6:21 of 1st period - Torrey Mitchell wins face-off versus Victor Rask in Ducks zone.
7:24 of 1st period - Icing by Erik Johnson.
7:25 of 1st period - Torrey Mitchell wins face-off versus Jonathan Toews in Kings zone.
7:32 of 1st period - Shot by Claude Giroux.
7:32 of 1st period - Shot Misses the Net.
9:07 of 1st period - Shot by Joe Pavelski.
9:07 of 1st period - Stopped by Pekka Rinne without a rebound.
9:08 of 1st period - Jonathan Toews wins face-off versus Mark Scheifele in Ducks zone.
9:27 of 1st period - Shot by Wayne Simmonds.
9:27 of 1st period - Stopped by Henrik Lundqvist without a rebound.
9:28 of 1st period - Austin Watson wins face-off versus Tyler Johnson in Kings zone.
9:49 of 1st period - Shot by Milan Lucic.
9:49 of 1st period - Shot Misses the Net.
10:05 of 1st period - Shot by Tyler Johnson.
10:05 of 1st period - Shot Misses the Net.
10:37 of 1st period - Torrey Mitchell is hit by Stephen Johns and loses puck.
10:42 of 1st period - Shot by Torrey Mitchell.
10:42 of 1st period - Stopped by Henrik Lundqvist without a rebound.
10:43 of 1st period - Jonathan Toews wins face-off versus Mark Scheifele in Kings zone.
10:48 of 1st period - Shot by Joe Pavelski.
10:48 of 1st period - Shot Blocked by Roman Polak.
11:18 of 1st period - Shot by Mark Scheifele.
11:18 of 1st period - Deflect By Claude Giroux.
11:18 of 1st period - Shot Misses the Net.
11:20 of 1st period - Shot by Claude Giroux.
11:20 of 1st period - Stopped by Henrik Lundqvist without a rebound.
11:21 of 1st period - Victor Rask wins face-off versus William Nylander in Kings zone.
11:41 of 1st period - Icing by John Moore.
11:42 of 1st period - Brandon Dubinsky wins face-off versus Victor Rask in Kings zone.
11:53 of 1st period - Shot by Torrey Mitchell.
11:53 of 1st period - Shot Blocked by Nick Bjugstad.
12:03 of 1st period - Shot by Brandon Dubinsky.
12:03 of 1st period - Shot Blocked by Stephen Johns.
12:37 of 1st period - Shot by Claude Giroux.
12:37 of 1st period - Shot Blocked by John Moore.
12:52 of 1st period - Icing by Colton Parayko.
12:53 of 1st period - Mark Scheifele wins face-off versus Jonathan Toews in Ducks zone.
13:12 of 1st period - Shot by Mark Scheifele.
13:12 of 1st period - Stopped by Henrik Lundqvist with a rebound.
13:53 of 1st period - Icing by Klas Dahlbeck.
13:54 of 1st period - William Nylander wins face-off versus Austin Watson in Kings zone.
14:10 of 1st period - Minor Penalty to Klas Dahlbeck for Boarding.
14:11 of 1st period - Gabriel Landeskog wins face-off versus Jonathan Toews in Kings zone.
14:43 of 1st period - Shot by Derek Forbort.
14:43 of 1st period - Shot Misses the Net.
15:39 of 1st period - Icing by Claude Giroux.
15:40 of 1st period - Mark Scheifele wins face-off versus Jonathan Toews in Ducks zone.
16:27 of 1st period - Shot by Torrey Mitchell.
16:27 of 1st period - Stopped by Henrik Lundqvist without a rebound.
16:28 of 1st period - Austin Watson wins face-off versus Torrey Mitchell in Kings zone.
16:28 of 1st period - Austin Watson is hit by Troy Brouwer.
16:34 of 1st period - Shot by Jesper Fast.
16:34 of 1st period - Deflect By Tomas Tatar.
16:34 of 1st period - Stopped by Pekka Rinne with a rebound.
16:49 of 1st period - Torrey Mitchell is hit by Klas Dahlbeck and loses puck.
17:02 of 1st period - Jesper Fast is hit by Troy Brouwer.
17:18 of 1st period - Icing by Matt Hunwick.
17:19 of 1st period - Mark Scheifele wins face-off versus Austin Watson in Kings zone.
17:25 of 1st period - Mark Scheifele is hit by Klas Dahlbeck and loses puck.
17:40 of 1st period - Shot by Claude Giroux.
17:40 of 1st period - Shot Misses the Net.
17:42 of 1st period - Shot by Wayne Simmonds.
17:42 of 1st period - Shot Blocked by Tomas Tatar.
19:14 of 1st period - Shot by Nick Bjugstad.
19:14 of 1st period - Shot Misses the Net.
19:16 of 1st period - Shot by Stephen Johns.
19:16 of 1st period - Shot Blocked by Roman Polak.
19:18 of 1st period - Shot by Daniel Sedin.
19:18 of 1st period - Stopped by Pekka Rinne without a rebound.
19:19 of 1st period - Torrey Mitchell wins face-off versus Mark Jankowski in Ducks zone.
19:30 of 1st period - Shot by Joe Pavelski.
19:30 of 1st period - Shot Misses the Net.
Goals for this period are 0 for Kings vs 0 for Ducks.
Shots for this period are 5 for Kings vs 8 for Ducks.

2nd period


0:01 of 2nd period - William Nylander wins face-off versus Jonathan Toews in neutral zone.
0:15 of 2nd period - Off-side.
0:16 of 2nd period - Nick Bjugstad wins face-off versus Tyler Johnson in neutral zone.
0:30 of 2nd period - Daniel Sedin is hit by Josh Manson and loses puck.
0:41 of 2nd period - Shot by Victor Rask.
0:41 of 2nd period - Stopped by Pekka Rinne without a rebound.
0:42 of 2nd period - Jonathan Toews wins face-off versus William Nylander in Ducks zone.
1:01 of 2nd period - Shot by Joe Pavelski.
1:01 of 2nd period - Shot Misses the Net.
1:09 of 2nd period - Shot by Patrik Berglund.
1:09 of 2nd period - Shot Blocked by Kris Letang.
1:11 of 2nd period - Shot by Jonathan Toews.
1:11 of 2nd period - Stopped by Pekka Rinne without a rebound.
1:12 of 2nd period - Victor Rask wins face-off versus Andrew Shaw in Ducks zone.
1:47 of 2nd period - Shot by Nick Bjugstad.
1:47 of 2nd period - Shot Blocked by Roman Polak.
1:49 of 2nd period - Shot by John Moore.
1:49 of 2nd period - Goal by John Moore - Kings : 1 - Ducks : 0.
1:50 of 2nd period - Jonathan Toews wins face-off versus William Nylander in neutral zone.
1:54 of 2nd period - Icing by Kris Letang.
1:55 of 2nd period - William Nylander wins face-off versus Jonathan Toews in Ducks zone.
2:02 of 2nd period - Shot by Patrik Berglund.
2:02 of 2nd period - Shot Blocked by David Backes.
2:04 of 2nd period - Shot by Jonathan Toews.
2:04 of 2nd period - Stopped by Pekka Rinne without a rebound.
2:05 of 2nd period - Torrey Mitchell wins face-off versus Jesper Fast in Ducks zone.
2:42 of 2nd period - Shot by Torrey Mitchell.
2:42 of 2nd period - Shot Misses the Net.
4:06 of 2nd period - Shot by Andrew Shaw.
4:06 of 2nd period - Shot Blocked by John Moore.
4:14 of 2nd period - Shot by Joe Pavelski.
4:14 of 2nd period - Deflect By Jonathan Toews.
4:14 of 2nd period - Shot Misses the Net.
4:26 of 2nd period - Shot by Andrew Shaw.
4:26 of 2nd period - Shot Misses the Net.
4:29 of 2nd period - Icing by Matt Hunwick.
4:30 of 2nd period - Victor Rask wins face-off versus Mark Scheifele in Kings zone.
4:30 of 2nd period - Victor Rask is hit by Mark Scheifele.
4:40 of 2nd period - Shot by Daniel Sedin.
4:40 of 2nd period - Shot Misses the Net.
4:56 of 2nd period - Shot by Nick Bjugstad.
4:56 of 2nd period - Stopped by Pekka Rinne with a rebound.
4:58 of 2nd period - Shot by Matt Hunwick.
4:58 of 2nd period - Stopped by Pekka Rinne without a rebound.
4:59 of 2nd period - Mark Jankowski wins face-off versus William Nylander in Ducks zone.
5:29 of 2nd period - Off-side.
5:30 of 2nd period - Victor Rask wins face-off versus Tyler Johnson in neutral zone.
5:38 of 2nd period - Roman Polak is hit by Victor Rask and loses puck.
5:44 of 2nd period - Icing by Roman Polak.
5:45 of 2nd period - Victor Rask wins face-off versus Tyler Johnson in Ducks zone.
6:07 of 2nd period - Icing by Erik Johnson.
6:08 of 2nd period - Victor Rask wins face-off versus Mark Scheifele in Kings zone.
6:08 of 2nd period - Victor Rask is hit by Mark Scheifele.
6:11 of 2nd period - Icing by Nick Bjugstad.
6:12 of 2nd period - William Nylander wins face-off versus Victor Rask in Kings zone.
6:20 of 2nd period - Daniel Sedin is hit by David Backes and loses puck.
6:31 of 2nd period - Shot by Gabriel Landeskog.
6:31 of 2nd period - Deflect By William Nylander.
6:31 of 2nd period - Shot Blocked by Dan Hamhuis.
6:47 of 2nd period - Shot by William Nylander.
6:47 of 2nd period - Stopped by Henrik Lundqvist without a rebound.
6:48 of 2nd period - Jonathan Toews wins face-off versus Mark Scheifele in Kings zone.
6:59 of 2nd period - Shot by Joe Pavelski.
6:59 of 2nd period - Shot Misses the Net.
7:11 of 2nd period - Shot by Jonathan Toews.
7:11 of 2nd period - Stopped by Pekka Rinne with a rebound.
7:44 of 2nd period - Off-side.
7:45 of 2nd period - Tyler Johnson wins face-off versus Austin Watson in neutral zone.
8:32 of 2nd period - Icing by Erik Johnson.
8:33 of 2nd period - Austin Watson wins face-off versus Torrey Mitchell in Kings zone.
9:27 of 2nd period - Off-side.
9:28 of 2nd period - William Nylander wins face-off versus Victor Rask in neutral zone.
9:28 of 2nd period - William Nylander is hit by Nick Bjugstad.
9:40 of 2nd period - Shot by David Backes.
9:40 of 2nd period - Stopped by Henrik Lundqvist without a rebound.
9:41 of 2nd period - Victor Rask wins face-off versus Mark Scheifele in Kings zone.
10:51 of 2nd period - Gabriel Landeskog is hit by Klas Dahlbeck and loses puck.
11:12 of 2nd period - Minor Penalty to Matt Hunwick for Roughing.
11:13 of 2nd period - Jesper Fast wins face-off versus Tyler Johnson in Kings zone.
11:45 of 2nd period - Icing by Kris Letang.
11:46 of 2nd period - Jonathan Toews wins face-off versus Tyler Johnson in Ducks zone.
13:52 of 2nd period - Icing by Luke Schenn.
13:53 of 2nd period - Brandon Dubinsky wins face-off versus Austin Watson in Ducks zone.
15:01 of 2nd period - Shot by Jonathan Toews.
15:01 of 2nd period - Stopped by Pekka Rinne without a rebound.
15:02 of 2nd period - Mark Jankowski wins face-off versus William Nylander in Ducks zone.
15:03 of 2nd period - Shot by Jonathan Toews.
15:03 of 2nd period - Shot Misses the Net.
15:18 of 2nd period - Shot by Joe Pavelski.
15:18 of 2nd period - Shot Misses the Net.
15:20 of 2nd period - Shot by Joe Pavelski.
15:20 of 2nd period - Shot Blocked by Colton Parayko.
15:22 of 2nd period - Shot by Matt Hunwick.
15:22 of 2nd period - Shot Blocked by Gabriel Landeskog.
15:24 of 2nd period - Shot by Matt Hunwick.
15:24 of 2nd period - Stopped by Pekka Rinne with a rebound.
15:26 of 2nd period - Shot by Joe Pavelski.
15:26 of 2nd period - Shot Misses the Net.
15:34 of 2nd period - Shot by Jonathan Toews.
15:34 of 2nd period - Stopped by Pekka Rinne without a rebound.
15:35 of 2nd period - Daniel Sedin wins face-off versus Mark Scheifele in Ducks zone.
16:15 of 2nd period - Icing by Claude Giroux.
16:16 of 2nd period - Mark Scheifele wins face-off versus Jonathan Toews in Ducks zone.
16:33 of 2nd period - Shot by Tyler Johnson.
16:33 of 2nd period - Stopped by Henrik Lundqvist with a rebound.
17:40 of 2nd period - Shot by Jesper Fast.
17:40 of 2nd period - Stopped by Pekka Rinne without a rebound.
17:41 of 2nd period - Torrey Mitchell wins face-off versus Victor Rask in Ducks zone.
17:48 of 2nd period - Shot by Torrey Mitchell.
17:48 of 2nd period - Stopped by Henrik Lundqvist without a rebound.
17:49 of 2nd period - Victor Rask wins face-off versus Mark Scheifele in Kings zone.
18:18 of 2nd period - Claude Giroux is hit by Erik Johnson and loses puck.
19:08 of 2nd period - Gabriel Landeskog is hit by Matt Hunwick and loses puck.
Goals for this period are 1 for Kings vs 0 for Ducks.
Shots for this period are 11 for Kings vs 4 for Ducks.

3rd period


0:01 of 3rd period - Jonathan Toews wins face-off versus Tyler Johnson in neutral zone.
0:20 of 3rd period - Shot by Jonathan Toews.
0:20 of 3rd period - Shot Misses the Net.
0:25 of 3rd period - Colton Parayko is hit by Patrik Berglund and loses puck.
0:29 of 3rd period - Colton Parayko is hit by Dan Hamhuis and loses puck.
0:30 of 3rd period - Minor Penalty to Dan Hamhuis for High sticking.
0:31 of 3rd period - Jonathan Toews wins face-off versus Mark Scheifele in Kings zone.
1:12 of 3rd period - Shot by Kris Letang.
1:12 of 3rd period - Shot Blocked by Jonathan Toews.
1:14 of 3rd period - Shot by Derek Forbort.
1:14 of 3rd period - Stopped by Henrik Lundqvist without a rebound.
1:15 of 3rd period - Patrik Berglund wins face-off versus Tyler Johnson in Kings zone.
1:38 of 3rd period - Shot by Colton Parayko.
1:38 of 3rd period - Shot Misses the Net.
1:47 of 3rd period - Tyler Johnson is hit by Klas Dahlbeck and loses puck.
2:29 of 3rd period - Shot by Kris Letang.
2:29 of 3rd period - Goal by Kris Letang - Kings : 1 - Ducks : 1.
2:30 of 3rd period - Torrey Mitchell wins face-off versus Austin Watson in neutral zone.
3:05 of 3rd period - Off-side.
3:06 of 3rd period - Mark Jankowski wins face-off versus William Nylander in neutral zone.
3:08 of 3rd period - Off-side.
3:09 of 3rd period - William Nylander wins face-off versus Mark Jankowski in neutral zone.
3:09 of 3rd period - William Nylander is hit by Joe Pavelski.
3:21 of 3rd period - Icing by Erik Johnson.
3:22 of 3rd period - Mark Jankowski wins face-off versus Tyler Johnson in Kings zone.
3:22 of 3rd period - Mark Jankowski is hit by Andrew Shaw.
4:25 of 3rd period - Shot by Nick Bjugstad.
4:25 of 3rd period - Stopped by Pekka Rinne without a rebound.
4:26 of 3rd period - Torrey Mitchell wins face-off versus Austin Watson in Ducks zone.
4:54 of 3rd period - Brandon Dubinsky is hit by Jesper Fast and loses puck.
5:49 of 3rd period - Shot by Daniel Sedin.
5:49 of 3rd period - Shot Misses the Net.
6:19 of 3rd period - Icing by Colton Parayko.
6:20 of 3rd period - Mark Scheifele wins face-off versus Mark Jankowski in Ducks zone.
6:20 of 3rd period - Mark Scheifele is hit by Jonathan Toews.
6:23 of 3rd period - Icing by Wayne Simmonds.
6:24 of 3rd period - Jonathan Toews wins face-off versus Mark Scheifele in Ducks zone.
6:31 of 3rd period - Shot by Joe Pavelski.
6:31 of 3rd period - Stopped by Pekka Rinne without a rebound.
6:32 of 3rd period - Tyler Johnson wins face-off versus Jonathan Toews in Ducks zone.
6:32 of 3rd period - Tyler Johnson is hit by Jonathan Toews.
6:54 of 3rd period - Shot by Tyler Johnson.
6:54 of 3rd period - Shot Misses the Net.
7:27 of 3rd period - Minor Penalty to Troy Brouwer for Hooking.
7:28 of 3rd period - Torrey Mitchell wins face-off versus Victor Rask in Ducks zone.
7:43 of 3rd period - Erik Johnson is hit by Claude Giroux and loses puck.
9:16 of 3rd period - Icing by Patrik Berglund.
9:17 of 3rd period - Brandon Dubinsky wins face-off versus Jonathan Toews in Kings zone.
9:22 of 3rd period - Shot by Kris Letang.
9:22 of 3rd period - Stopped by Henrik Lundqvist without a rebound.
9:23 of 3rd period - Torrey Mitchell wins face-off versus Victor Rask in Kings zone.
9:32 of 3rd period - Shot by William Nylander.
9:32 of 3rd period - Stopped by Henrik Lundqvist with a rebound.
9:34 of 3rd period - Shot by Gabriel Landeskog.
9:34 of 3rd period - Stopped by Henrik Lundqvist without a rebound.
9:35 of 3rd period - Mark Scheifele wins face-off versus Austin Watson in Kings zone.
10:01 of 3rd period - Shot by Erik Johnson.
10:01 of 3rd period - Stopped by Pekka Rinne without a rebound.
10:02 of 3rd period - William Nylander wins face-off versus Victor Rask in Ducks zone.
10:26 of 3rd period - Icing by Klas Dahlbeck.
10:27 of 3rd period - Torrey Mitchell wins face-off versus Victor Rask in Kings zone.
10:30 of 3rd period - Shot by Brandon Dubinsky.
10:30 of 3rd period - Shot Misses the Net.
11:15 of 3rd period - Shot by Jonathan Toews.
11:15 of 3rd period - Shot Misses the Net.
11:19 of 3rd period - Shot by Joe Pavelski.
11:19 of 3rd period - Stopped by Pekka Rinne without a rebound.
11:20 of 3rd period - Mark Scheifele wins face-off versus Austin Watson in Ducks zone.
11:22 of 3rd period - Icing by Claude Giroux.
11:23 of 3rd period - Mark Scheifele wins face-off versus Austin Watson in Ducks zone.
11:31 of 3rd period - Off-side.
11:32 of 3rd period - Jonathan Toews wins face-off versus William Nylander in neutral zone.
11:55 of 3rd period - Shot by David Backes.
11:55 of 3rd period - Shot Misses the Net.
12:22 of 3rd period - Minor Penalty to David Backes for Slashing.
12:23 of 3rd period - Victor Rask wins face-off versus Torrey Mitchell in Ducks zone.
12:24 of 3rd period - Shot by John Moore.
12:24 of 3rd period - Stopped by Pekka Rinne without a rebound.
12:25 of 3rd period - Torrey Mitchell wins face-off versus Victor Rask in Ducks zone.
13:31 of 3rd period - Shot by Joe Pavelski.
13:31 of 3rd period - Shot Misses the Net.
13:33 of 3rd period - Shot by Joe Pavelski.
13:33 of 3rd period - Stopped by Pekka Rinne with a rebound.
13:43 of 3rd period - Shot by Jonathan Toews.
13:43 of 3rd period - Shot Blocked by Torrey Mitchell.
13:55 of 3rd period - John Moore is hit by Torrey Mitchell.
13:56 of 3rd period - Icing by John Moore.
13:57 of 3rd period - Tyler Johnson wins face-off versus Victor Rask in Kings zone.
14:06 of 3rd period - Shot by Nick Bjugstad.
14:06 of 3rd period - Shot Misses the Net.
14:08 of 3rd period - Shot by Stephen Johns.
14:08 of 3rd period - Stopped by Pekka Rinne with a rebound.
14:10 of 3rd period - Shot by John Moore.
14:10 of 3rd period - Shot Misses the Net.
14:12 of 3rd period - Shot by Stephen Johns.
14:12 of 3rd period - Shot Misses the Net.
14:14 of 3rd period - Shot by John Moore.
14:14 of 3rd period - Shot Blocked by Kris Letang.
14:16 of 3rd period - Shot by John Moore.
14:16 of 3rd period - Shot Misses the Net.
14:18 of 3rd period - Shot by John Moore.
14:18 of 3rd period - Deflect By Daniel Sedin.
14:18 of 3rd period - Shot Misses the Net.
14:40 of 3rd period - Gabriel Landeskog is hit by Klas Dahlbeck.
14:45 of 3rd period - Icing by Matt Hunwick.
14:46 of 3rd period - Austin Watson wins face-off versus Tyler Johnson in Kings zone.
15:40 of 3rd period - Jonathan Toews is hit by Kris Letang and loses puck.
16:03 of 3rd period - Erik Johnson is hit by Roman Polak and loses puck.
16:19 of 3rd period - Off-side.
16:20 of 3rd period - Torrey Mitchell wins face-off versus Victor Rask in neutral zone.
16:54 of 3rd period - Troy Brouwer is hit by Victor Rask and loses puck.
17:35 of 3rd period - Shot by Tomas Tatar.
17:35 of 3rd period - Stopped by Pekka Rinne without a rebound.
17:36 of 3rd period - Wayne Simmonds wins face-off versus Jonathan Toews in Ducks zone.
17:41 of 3rd period - Shot by Jonathan Toews.
17:41 of 3rd period - Shot Blocked by Roman Polak.
17:43 of 3rd period - Shot by Jonathan Toews.
17:43 of 3rd period - Stopped by Pekka Rinne without a rebound.
17:44 of 3rd period - Jonathan Toews wins face-off versus Mark Scheifele in Ducks zone.
17:52 of 3rd period - Off-side.
17:53 of 3rd period - Tyler Johnson wins face-off versus Jonathan Toews in neutral zone.
18:11 of 3rd period - Shot by Milan Lucic.
18:11 of 3rd period - Deflect By Andrew Shaw.
18:11 of 3rd period - Shot Misses the Net.
18:28 of 3rd period - Andrew Shaw is hit by Patrik Berglund and loses puck.
18:49 of 3rd period - Shot by Nick Bjugstad.
18:49 of 3rd period - Shot Misses the Net.
18:55 of 3rd period - Shot by Victor Rask.
18:55 of 3rd period - Stopped by Pekka Rinne without a rebound.
18:56 of 3rd period - Mark Scheifele wins face-off versus Austin Watson in Ducks zone.
19:13 of 3rd period - Shot by Tomas Tatar.
19:13 of 3rd period - Shot Blocked by Mark Scheifele.
19:15 of 3rd period - Shot by Matt Hunwick.
19:15 of 3rd period - Goal by Matt Hunwick - Kings : 2 - Ducks : 1.
19:16 of 3rd period - Mark Scheifele wins face-off versus Jonathan Toews in neutral zone.
19:23 of 3rd period - Shot by Joe Pavelski.
19:23 of 3rd period - Shot Blocked by Kris Letang.
19:25 of 3rd period - Shot by Erik Johnson.
19:25 of 3rd period - Shot Misses the Net.
19:27 of 3rd period - Shot by Joe Pavelski.
19:27 of 3rd period - Stopped by Pekka Rinne with a rebound.
19:29 of 3rd period - Shot by Erik Johnson.
19:29 of 3rd period - Deflect By Joe Pavelski.
19:29 of 3rd period - Shot Blocked by Wayne Simmonds.
19:31 of 3rd period - Shot by Jonathan Toews.
19:31 of 3rd period - Shot Misses the Net.
19:37 of 3rd period - Shot by Patrik Berglund.
19:37 of 3rd period - Shot Misses the Net.
19:53 of 3rd period - Dan Hamhuis is hit by Wayne Simmonds and loses puck.
Goals for this period are 1 for Kings vs 1 for Ducks.
Shots for this period are 12 for Kings vs 5 for Ducks.